 Dungeon Crawl Stone Soup version 0.30-a0-956-gcec3b41aec (webtiles) character file.

Game seed: 9945633114758638284

3284 cforsyth the Basher (level 10, -12/83 HPs)
             Began as a Formicid Fighter on Mar 29, 2023.
             Mangled by an orc warlord
             ... wielding a +5 battleaxe
              (22 damage)
             ... in a bailey.
             The game lasted 00:12:54 (6471 turns).

cforsyth the Basher (Formicid Fighter)              Turns: 6471, Time: 00:12:55

Health: -12/83     AC: 13    Str: 41    XL:     10   Next: 20%
Magic:  10/10      EV: 10    Int:  7    God:
Gold:   392        SH:  5    Dex: 15    Spells: 9/9 levels left

rFire   . . .      SeeInvis +    E - +4 flail "Uzius" {vamp, Dex+2}
rCold   . . .      Faith    .    c - +0 buckler
rNeg    . . .      Spirit   .    n - +2 ring mail {rPois}
rPois   +          Reflect  .    (helmet unavailable)
rElec   .          Rampage  .    (no cloak)
rCorr   .          NoCast   +    A - +2 pair of gloves of Spring Thaw {-Cast Str+3 Stlth+}
Will    +....                    C - +1 pair of boots
Stlth   ++                       (no amulet)
HPRegen 0.33/turn                x - +6 ring of strength
MPRegen 0.12/turn                o - +6 ring of strength

@: flying
A: permanent stasis, dig shafts and tunnels, antennae 3, four strong arms
a: Dig


You were in a bailey.
You visited 1 branch of the dungeon, and saw 7 of its levels.
You also visited: Bailey.

You collected 392 gold pieces.

Inventory:

Hand Weapons
 E - the +4 flail "Uzius" (weapon) {vamp, Dex+2}
   (You took it off a wight on level 6 of the Dungeon)

   Dex:       It affects your dexterity (+2).
 G - a +4 morningstar
 I - a +2 flail of protection
Armour
 c - a +0 buckler (worn)
 n - a +2 ring mail of poison resistance (worn)
 A - the +2 pair of gloves of Spring Thaw (worn) {-Cast Str+3 Stlth+}
   (You found it on level 5 of the Dungeon)

   Str:       It affects your strength (+3).
   -Cast:     It prevents spellcasting.
   Stlth:     It makes you more stealthy.
 C - a +1 pair of boots (worn)
Jewellery
 i - a ring of flight
 j - a +5 ring of evasion
 o - a +6 ring of strength (right hand)
 p - a ring of wizardry
 x - a +6 ring of strength (left hand)
Wands
 h - a wand of light (2)
 y - a wand of flame (36)
 B - a wand of digging (4)
Scrolls
 d - a scroll of enchant weapon {unknown}
 f - a scroll of butterflies {unknown}
 l - 2 scrolls of immolation
 q - 2 scrolls of enchant armour
 r - 4 scrolls of magic mapping
 t - 2 scrolls of noise {unknown}
 v - 4 scrolls of teleportation {unknown}
 D - 4 scrolls of fog {unknown}
Potions
 b - 7 potions of curing
 g - 2 potions of heal wounds {unknown}
 k - 4 potions of attraction
 m - 2 potions of brilliance
 s - 2 potions of lignification
 u - 3 potions of flight
 w - 3 potions of cancellation
 z - 2 potions of magic {unknown}
 F - 2 potions of resistance
 H - a potion of haste {unknown}


   Skills:
 + Level 9.3 Fighting
 * Level 11.4 Maces & Flails
 - Level 3.2 Armour
 - Level 4.0 Shields


You had 9 spell levels left.
You didn't know any spells.
Your spell library contained the following spells:

 Spells                   Type           Power      Damage    Failure   Level
 Foxfire                  Conj/Fire      0%         2x1d2     58%         1
 Shock                    Conj/Air       0%         1d3       58%         1
 Slow                     Hex            0%         N/A       58%         1
 Ensorcelled Hibernation  Hex/Ice        0%         N/A       73%         2
 Passwall                 Tmut/Erth      0%         N/A       73%         2
 Confusing Touch          Hex            0%         N/A       91%         3
 Vampiric Draining        Necr           0%         2d6       91%         3
 Airstrike                Air            0%         2d(0-16)  100%        4
 Fireball                 Conj/Fire      0%         3d3       100%        5
 Summon Forest            Summ/Tloc      0%         N/A       100%        5
 Eringya's Noxious Bog    Tmut/Pois      0%         N/A       100%        6
 Starburst                Conj/Fire      0%         6d3       100%        6
 Summon Hydra             Summ           0%         N/A       100%        7
 Swiftness                Air            Unusable   N/A       N/A         3

Dungeon Overview and Level Annotations

Branches:
Dungeon (7/15)             Temple (0/1) D:7          Bailey (1/1)

Altars:
Hepliaklqana


Innate Abilities, Weirdness & Mutations

You cannot be hasted, slowed, berserked, paralysed or teleported.
You can dig through walls and to a lower floor.
You have a pair of large antennae on your head. (SInv)
Your four strong arms can wield two-handed weapons with a shield.


Message History

The air fills with toxic fumes!
As you read the scroll of poison, it crumbles to dust.
The orc warlord is no longer blind.
Aiming: Bolt of Light
Press: ? - help, Shift-Dir - straight line, f/p - orc warlord
Aim: an orc warlord, wielding a +5 battleaxe and wearing a +0 chain mail (poison gas, moderately wounded, 79% to hit)
The bolt of light hits the orc warlord.
The orc warlord is moderately wounded.
The orc warlord is blinded.
The orc warlord is engulfed in poison gas.
The orc warlord is poisoned.
You block the orc warlord's attack.
You thump the orc warlord!
The orc warlord is heavily wounded.
The orc warlord is engulfed in poison gas.
The orc warlord looks even sicker.
You block the orc warlord's attack.
You catch the helpless orc warlord completely off-guard!
You hit the orc warlord.
The orc warlord is severely wounded.
The orc warlord is engulfed in poison gas.
The orc warlord looks even sicker.
The orc warlord hits you with a +5 battleaxe!!
* * * LOW HITPOINT WARNING * * *
It was a potion of flight.
You feel very buoyant.
You fly up into the air.
The orc warlord is engulfed in poison gas.
The orc warlord looks as sick as possible!
You block the orc warlord's attack.
You thump the orc warlord!
The orc warlord is almost dead.
The orc warlord is engulfed in poison gas.
The orc warlord looks as sick as possible!
The orc warlord hits you with a +5 battleaxe!
* * * LOW HITPOINT WARNING * * *
You hit the orc warlord.
The orc warlord is almost dead.
The orc warlord is engulfed in poison gas.
The orc warlord looks as sick as possible!
The orc warlord hits you with a +5 battleaxe!!
You die...

#...8......#########...
##§§§§§§####§☼~#~~~##).
##§§§§§#~§#§§....)~#..
##§§§§#☼☼§§§....!~#.(
#§§§##§8§8§..8.8##..
#§§§§§☼§§☼§....o#...
#§§§'§☼§§§§∩....#...
#§§o§☼§☼§§§.....#.(.
#§§@##~8.8...8.8##..
##§§§§#~........?~#..
##§☼§§☼#~~#~.....:~#.)
##§☼§§§§#### ~#~~~##..
#§§§8§☼§§..#########)..
#§§§§§§§§§.'...)('.(..8
#§§§☼§§☼§§.#~~~)(#.....
##§§8§§8☼§§#~~~~~#.....
##.......##~~~~~##...8


You could see an orc warlord (blind, extremely poisoned).

Vanquished Creatures
  A wraith (D:6)
  Menkaure (D:5)
  Edmund (D:6)
  A water moccasin (D:6)
  An ice beast (D:5)
  6 orc warriors
  2 black bears
  A centaur (D:6)
  2 phantoms
  A kobold brigand (D:6)
  Blork the orc (D:5)
  4 bullfrogs
  A gnoll sergeant (D:7)
  4 scorpions
  5 wights
  A howler monkey (D:5)
  3 hounds (D:5)
  4 orc priests
  2 jellies
  2 gnoll boudas (D:6)
  2 sleepcaps (D:6)
  An iguana (D:5)
  An orc wizard (D:3)
  4 adders
  22 gnolls
  2 worms
  3 dart slugs
  19 orcs
  2 ball pythons
  7 endoplasms
  2 giant cockroaches (D:1)
  14 goblins
  11 hobgoblins
  2 jackals (D:4)
  20 kobolds
  7 bats
  2 frilled lizards
  A rat (D:2)
166 creatures vanquished.

Notes
Turn   | Place    | Note
-------+----------+-------------------------------------------
     0 | D:1      | cforsyth the Formicid Fighter began the quest for the Orb.
     0 | D:1      | Reached XP level 1. HP: 18/18 MP: 1/1
   243 | D:1      | Reached XP level 2. HP: 24/24 MP: 2/2
   303 | D:1      | Found a faded altar of an unknown god.
   982 | D:2      | Reached XP level 3. HP: 28/30 MP: 3/3
  1014 | D:2      | Reached skill level 3 in Maces & Flails
  1525 | D:2      | Reached XP level 4. HP: 31/37 MP: 4/4
  1977 | D:3      | Reached skill level 4 in Maces & Flails
  1983 | D:3      | Reached XP level 5. HP: 40/42 MP: 5/5
  2564 | D:3      | Reached XP level 6. HP: 49/49 MP: 6/6
  2597 | D:3      | Noticed a black bear
  2609 | D:3      | Killed a black bear
  2610 | D:3      | Reached skill level 5 in Fighting
  2610 | D:3      | Reached skill level 5 in Maces & Flails
  2948 | D:4      | Reached XP level 7. HP: 47/56 MP: 7/7
  3126 | D:4      | Reached skill level 6 in Maces & Flails
  3302 | D:4      | Found a hazy altar of Hepliaklqana.
  3565 | D:5      | Entered Level 5 of the Dungeon
  3565 | D:5      | Noticed Menkaure
  3573 | D:5      | Killed Menkaure
  3575 | D:5      | Reached skill level 7 in Maces & Flails
  3575 | D:5      | Reached XP level 8. HP: 11/64 MP: 8/8
  3589 | D:5      | Noticed Blork the orc
  3600 | D:5      | Killed Blork the orc
  4047 | D:5      | Identified the +2 pair of gloves of Spring Thaw {-Cast
                  | Str+3 Stlth+}
  4084 | D:5      | Reached skill level 8 in Maces & Flails
  4993 | D:6      | Noticed a wraith
  5006 | D:6      | Killed a wraith
  5007 | D:6      | Reached skill level 9 in Maces & Flails
  5007 | D:6      | Reached XP level 9. HP: 54/72 MP: 9/9
  5106 | D:6      | Identified the +4 flail "Uzius" {vamp, Dex+2}
  5452 | D:6      | Noticed Edmund
  5465 | D:6      | Killed Edmund
  5543 | D:6      | Reached skill level 10 in Maces & Flails
  6215 | D:7      | Found a flagged portal.
  6225 | D:7      | Reached XP level 10. HP: 82/82 MP: 10/10
  6233 | Bailey   | Entered a bailey
  6273 | Bailey   | Noticed an orc warlord
  6326 | Bailey   | Reached skill level 11 in Maces & Flails
  6404 | Bailey   | Found a runed translucent gate.
  6405 | Bailey   | Found a runed translucent gate.
  6406 | Bailey   | Found a runed translucent gate.
  6471 | Bailey   | Mangled by an orc warlord

Illustrated notes

Levels and vault maps discovered:
D:1:      nagdon_arrival_zigzag_paths, layout_loops_ring,
          shapermc_ecumenical_altar_mp_vishouse
D:2:      cheibrodos_pilgrimage, layout_basic
D:3:      layout_basic, columned_hall_lemuel, minmay_pentangle
D:4:      layout_gridville, nzn_hepliaklqana_mist_gate
D:5:      layout_loops_ring, uniq_blork_the_orc, uniq_menkaure
D:6:      layout_basic, uniq_edmund
D:7:      layout_rooms, chequers_temple_overflow_statue_of_worship,
          minmay_temple_entry_trees, enter_bailey_3, eino_tiny_chamber,
          dreamdust_wishing_well, uniq_joseph
Bailey:   bailey_axe_bossmonster_kennysheep, bailey

Skill      XL: |  1  2  3  4  5  6  7  8  9 10 |
---------------+-------------------------------+-----
Maces & Flails | 3 4 5 7 9 10 11 | 11.4
Fighting       | 4 5 6 7 8 9 |  9.3
Armour         | |  3.2
Shields        | |  4.0

Action                     |  1- 3 |  4- 6 |  7- 9 | 10-12 || total
---------------------------+-------+-------+-------+-------++-------
  Melee: Flail             |    70 |   124 |   305 |    87 ||   586
  Evoke: Wand              |       |       |       |    11 ||    11
    Use: Potion            |       |       |     2 |     1 ||     3
         Scroll            |       |       |     9 |     1 ||    10
   Stab: Sleeping          |       |       |     1 |       ||     1
         Invisible         |       |       |       |     3 ||     3
 Armour: Scale mail        |    11 |       |       |       ||    11
         Ring mail         |    17 |    34 |    88 |    24 ||   163
  Dodge: Dodged            |    58 |    81 |   198 |    23 ||   360
  Block: Buckler           |    25 |    34 |    72 |    20 ||   151

Table legend: (Time is in decaauts)
 A = Elapsed time spent in this place.
 B = Non-inter-level travel time spent in this place.
 C = Inter-level travel time spent in this place.
 D = Time resting spent in this place.
 E = Time spent auto-exploring this place.
 F = Levels seen in this place.
 G = Mean time per level.
                   A        B        C        D        E       F      G
               +--------+--------+--------+--------+--------+-----+--------+
         Total |   6511 |   6342 |    169 |   1059 |   3714 |   8 |  813.9 |
       Dungeon |   6281 |   6112 |    169 |   1059 |   3688 |   7 |  897.3 |
        Bailey |    230 |    230 |      0 |      0 |     26 |   1 |  230.0 |
               +--------+--------+--------+--------+--------+-----+--------+

Top non-repeatable levels by time:
     D:5: 1534 daAuts
     D:1: 1408 daAuts
     D:3: 1001 daAuts
     D:6: 984 daAuts
     D:4: 647 daAuts
     D:2: 562 daAuts
  Bailey: 230 daAuts
     D:7: 142 daAuts
